 Dungeon Crawl Stone Soup version 0.17.2-1-ge4368a0 (webtiles) character file.

1931551 jazmu the Annihilator (level 27, 169/169 HPs)
             Began as an Octopode Venom Mage on Oct 10, 2016.
             Was the Champion of Vehumet.
             Escaped with the Orb
             ... and 4 runes on Oct 11, 2016!
             The game lasted 08:06:58 (108363 turns).

jazmu the Annihilator (Octopode Venom Mage)       Turns: 108363, Time: 08:06:58

Health: 169/169    AC:  4    Str:  9    XL:     27
Magic:  53/68      EV: 21    Int: 34    God:    Vehumet [******]
Gold:   6639       SH: 17    Dex: 15    Spells: 10 memorised, 3 levels left

rFire  + + .     SeeInvis +     r - staff of energy {@w1+MP, hungerless spells, !d!a}
rCold  + + .     Rnd*Rage +     e - +5 shield {rC+}
rNeg   + + .     SustAt   .     i - +2 hat {Int+3}
rPois  .         Gourm    .     Q - amulet "Mohi" {rF+ MR+++ Regen+ Int-5 Stlth+}
rElec  +         Spirit   .     D - ring of Bokhej {rElec rN+ MR+ MP+9}
rCorr  .         Warding  .     x - +5 ring of intelligence
rMut   .         Stasis   .     n - ring of magical power {MP+9}
MR     +++++                    C - ring of protection from cold {rC+, !d}
Stlth  ++++......               u - ring of the Octopus King {AC+1 EV+1 Str+1 Int+1 Dex+1 SInv}
                                v - ring of wizardry {Wiz+, !d}
                                A - ring of positive energy {rN+}
                                k - ring of magical power {MP+9}

@: very slightly contaminated, hasted, deflect missiles, very quick, almost
entirely resistant to hostile enchantments, stealthy
A: almost no armour, amphibious, 8 rings, constrict 8, camouflage 1, berserk 1,
clever 1, deterioration 2, fire resistance 1, gelatinous body 1
a: Renounce Religion
0: Orb of Zot
}: 4/15 runes: decaying, slimy, silver, gossamer


You escaped.
You worshipped Vehumet.
Vehumet was exalted by your worship.
You were full.

You visited 12 branches of the dungeon, and saw 63 of its levels.
You visited 1 ziggurat, and saw 18 of its levels.
You also visited: Trove, Ice Cave and Wizlab.

You collected 9141 gold pieces.
You spent 2502 gold pieces at shops.

Inventory:

Missiles
 q - 2 throwing nets {=f, !d}
Armour
 e - a +5 shield of cold resistance (worn)
   (You took it off a warmonger on level 15 of a ziggurat)
 i - a +2 hat of intelligence (worn)
   (You took it off Gastronok on level 8 of the Dungeon)
 H - a +0 buckler of protection
   (You took it off a spriggan defender on level 4 of the Depths)
Magical Staves
 r - an uncursed staff of energy (weapon) {@w1+MP, hungerless spells, !d!a}
   (You found it on level 13 of the Dungeon)
 L - an uncursed staff of fire {rF+}
   (You found it on level 10 of the Dungeon)
Jewellery
 a - the ring "Hoet Vuy" {+Fly rF+ Slay+6}
   (You found it on level 11 of a ziggurat)

   [ring of protection from fire]

   It affects your accuracy and damage with ranged weapons and melee attacks
   (+6).
   It protects you from fire.
   It lets you fly.
 c - an uncursed amulet of resist mutation {rMut, !d}
   (You found it on level 15 of a ziggurat)
 k - a ring of magical power (on tentacle) {MP+9}
   (You took it off a deep elf fighter on level 3 of the Elven Halls)
 n - a ring of magical power (on tentacle) {MP+9}
   (You found it on level 1 of the Swamp)
 t - an uncursed ring of poison resistance {rPois, !d}
   (You acquired it on level 10 of a ziggurat)
 u - a ring of the Octopus King (on tentacle) {AC+1 EV+1 Str+1 Int+1 Dex+1 SInv}
   (You took it off a deep elf fighter on level 3 of the Elven Halls)

   [ring of see invisible]

   It affects your AC (+1).
   It affects your evasion (+1).
   It affects your strength (+1).
   It affects your intelligence (+1).
   It affects your dexterity (+1).
   It lets you see invisible.
 v - a ring of wizardry (on tentacle) {Wiz+, !d}
   (You found it on level 3 of the Dungeon)
 x - a +5 ring of intelligence (right tentacle)
   (You took it off an orc wizard on level 8 of the Dungeon)
 A - a ring of positive energy (on tentacle) {rN+}
   (You found it on level 6 of the Pits of Slime)
 C - a ring of protection from cold (on tentacle) {rC+, !d}
   (You bought it in a shop on level 4 of the Orcish Mines)
 D - the ring of Bokhej (left tentacle) {rElec rN+ MR+ MP+9}
   (You took it off a deep elf fighter on level 3 of the Elven Halls)

   [ring of magical power]

   It insulates you from electricity.
   It protects you from negative energy.
   It affects your resistance to hostile enchantments.
   It affects your magic capacity (+9).
 G - an uncursed amulet of clarity {Clar, !d}
   (You took it off a centaur on level 12 of the Dungeon)
 K - the ring of the Countless Lies {SustAt +Blink Stlth+}
   (You took it off a deep elf high priest on level 5 of the Vaults)

   [ring of sustain attributes]

   It sustains your strength, intelligence and dexterity.
   It lets you blink.
   It makes you more stealthy.
 N - an uncursed amulet of resist corrosion {rCorr, !d}
   (You found it on level 5 of the Lair of Beasts)
 Q - the amulet "Mohi" (around mantle) {rF+ MR+++ Regen+ Int-5 Stlth+}
   (You bought it in a shop on level 4 of the Orcish Mines)

   [amulet of regeneration]

   It affects your intelligence (-5).
   It protects you from fire.
   It affects your resistance to hostile enchantments.
   It increases your rate of regeneration.
   It makes you more stealthy.
 R - an uncursed ring of protection from cold {rC+, !d}
   (You took it off a skeletal warrior on level 3 of the Crypt)
Wands
 l - a wand of teleportation (5)
   (You took it off a deep elf fighter on level 3 of the Elven Halls)
 p - a wand of heal wounds (4)
   (You found it on level 5 of the Depths)
 F - a wand of hasting (3)
   (You found it in an ice cave)
 M - a wand of digging (7)
   (You found it on level 2 of the Swamp)
 T - a wand of disintegration (15)
   (You found it on level 4 of the Depths)
Scrolls
 b - 7 scrolls of identify
 g - 15 scrolls of teleportation
 o - 26 scrolls of remove curse
 s - 13 scrolls of recharging
 w - 4 scrolls of magic mapping {!r}
 y - 8 scrolls of summoning
 z - 15 scrolls of fog
 I - 4 scrolls of holy word {!r}
 J - a scroll of enchant weapon
 P - 7 scrolls of blinking {!r}
 X - 8 scrolls of fear
Potions
 d - 12 potions of curing
 f - 4 potions of brilliance
 j - 5 potions of magic
 m - 3 potions of resistance
 B - 4 potions of haste
 E - a potion of invisibility
 O - a potion of might
 U - 6 potions of heal wounds
 Z - 8 potions of cure mutation {!q}
Miscellaneous
 V - a legendary deck of escape {the Cloud}
   (You found it on level 3 of the Spider Nest)
Comestibles
 h - 3 meat rations {@e2}


   Skills:
 - Level 9.6 Fighting
 - Level 12.3 Dodging
 - Level 17.3 Stealth
 - Level 12.9 Shields
 - Level 14.7 Spellcasting
 O Level 27 Conjurations
 - Level 9.9 Charms
 + Level 26.0 Fire Magic
 - Level 21.0 Ice Magic
 - Level 6.9 Air Magic
 - Level 9.3 Earth Magic
 - Level 6.0 Poison Magic
 - Level 7.6 Evocations


You had 3 spell levels left.
You knew the following spells:

 Your Spells              Type           Power        Failure   Level  Hunger
a - Haste                 Chrm           #######.     2%          6    None
b - Iron Shot             Conj/Erth      #######...   1%          6    None
c - Bolt of Magma         Conj/Fire/Erth ########..   0%          5    None
e - Fire Storm            Conj/Fire      ########..   1%          9    None
f - Fireball              Conj/Fire      ########..   0%          5    None
g - Apportation           Tloc           ####......   1%          1    None
h - Deflect Missiles      Chrm/Air       ######....   4%          6    None
i - Glaciate              Conj/Ice       ########..   1%          9    None
x - Mephitic Cloud        Conj/Pois/Air  #######.     1%          3    None
P - Cure Poison           Pois           ######....   1%          2    None


Dungeon Overview and Level Annotations

Branches:
Dungeon (15/15)            Temple (1/1) D:7            Lair (8/8) D:8
  Swamp (4/4) Lair:4       Spider (4/4) Lair:3        Slime (6/6) Lair:8
    Orc (4/4) D:12            Elf (3/3) Orc:4        Vaults (5/5) D:13
  Crypt (3/3) Vaults:3       Tomb (0/3) Crypt:3      Depths (5/5) D:15
    Zot (5/5) Depths:5

Altars:
Ashenzari
Cheibriados
Dithmenos
Elyvilon
Fedhas
Gozag
Kikubaaqudgha
Makhleb
Nemelex Xobeh
Okawaru
Qazlal
Ru
Sif Muna
Trog
Vehumet
Xom
Yredelemnul
Zin
The Shining One
Beogh
Jiyva
Lugonu

Shops:
D:9 %   Orc:1 [   Orc:3 *   Orc:4 =([*   Elf:1 }   Elf:2 *   Elf:3 !
Vaults:1 ([

Portals:
Hell: Depths:1 Depths:2 Depths:3 Depths:4 Depths:5
Abyss: Depths:4 Depths:5
Pandemonium: Depths:2 Depths:3 Depths:5

Annotations:
Elf:2 3 runed doors, exclusions: 3 doors and 3 more exclusions


Innate Abilities, Weirdness & Mutations

You cannot wear most types of armour.
You are amphibious.
You can wear up to eight rings at the same time.
You can use your tentacles to constrict eight enemies at once.
Your skin changes colour to match your surroundings (Stealth).
Your rubbery body absorbs attacks (AC +1).
You tend to lose your temper in combat.
Your mind is acute. (Int +2)
Your body often deteriorates upon taking damage.
Your flesh is heat resistant.


Message History

The iron shot hits the phantom.
You destroy the phantom!
Vehumet accepts your kill.
You feel your power returning.
You now have 54/68 mp.
(D) Dungeon (T) Temple (L) Lair (S) Swamp (N) Spider Nest (M) Slime Pits (O) Orcish Mines (E) Elven Halls (V) Vaults (C) Crypt (W) Tomb (U) Depths (H) Hell (Z) Zot
Where to? (Enter - D:1, ? - help)
An Orb Guardian comes into view.
Aim: an Orb Guardian The iron shot hits the Orb Guardian.
The Orb Guardian hits you! You block the Orb Guardian's attack.
You take 16 damage, and have 153/169 hp.
You now have 50/68 mp.
Aim: an Orb Guardian (heavily wounded)
The iron shot hits the Orb Guardian.
The Orb Guardian misses you.
You now have 44/68 mp.
Unknown command.
Aim: an Orb Guardian (almost dead)
The iron shot hits the Orb Guardian.
You kill the Orb Guardian!
Vehumet accepts your kill.
You feel your power returning.
You regained 2 mp, and now have 46/68 mp.
Unknown command.
(D) Dungeon (T) Temple (L) Lair (S) Swamp (N) Spider Nest (M) Slime Pits (O) Orcish Mines (E) Elven Halls (V) Vaults (C) Crypt (W) Tomb (U) Depths (H) Hell (Z) Zot
Where to? (Enter - D:1, ? - help)
There is a stone staircase leading down here.
A monstrous demonspawn comes into view.
A kobold comes into view. It is wielding a dagger.
Health restored: 169 You regained 12 mp, and now have 58/68 mp.
A raging storm of fire appears!
The great blast of fire engulfs the monstrous demonspawn.
The great blast of fire engulfs the kobold.
You kill the kobold!
Vehumet accepts your kill.
You feel your power returning.
The monstrous demonspawn is engulfed in roaring flames.
You now have 51/68 mp.
Your fire vortex barely misses the monstrous demonspawn.
The monstrous demonspawn is engulfed in roaring flames.
The monstrous demonspawn barely misses your fire vortex.
The monstrous demonspawn claws your fire vortex.
The monstrous demonspawn gores your fire vortex.
The monstrous demonspawn is engulfed in roaring flames.
You see here a whip.
The monstrous demonspawn is engulfed in roaring flames.
You kill the monstrous demonspawn!
Vehumet accepts your kill.
You see here a short sword.
You feel yourself speed up.
You now have 48/68 mp.
There is an open door here.
Things that are here:
2 stones; a club You see here a stone. 3 golden eyes come into view.
The golden eye turns its gaze towards you.
There is a stone staircase leading up here.
The golden eye blinks at you. You resist with almost no effort.
The golden eye blinks at you. You resist with almost no effort.
You climb upwards.
There is a stone staircase leading down here.
(D) Dungeon (T) Temple (L) Lair (S) Swamp (N) Spider Nest (M) Slime Pits (O) Orcish Mines (E) Elven Halls (V) Vaults (C) Crypt (W) Tomb (U) Depths (H) Hell (Z) Zot
Where to? (Enter - D:1, ? - help)
A neqoxec comes into view.
Aim: a neqoxec The iron shot misses the neqoxec.
You now have 46/68 mp.
Aim: a neqoxec The iron shot hits the neqoxec.
You kill the neqoxec!
Vehumet accepts your kill.
You feel your power returning.
You now have 43/68 mp.
(D) Dungeon (T) Temple (L) Lair (S) Swamp (N) Spider Nest (M) Slime Pits (O) Orcish Mines (E) Elven Halls (V) Vaults (C) Crypt (W) Tomb (U) Depths (H) Hell (Z) Zot
Where to? (Enter - D:1, ? - help)
There is a stone staircase leading up here.
You climb upwards.
There is a stone staircase leading down here.
You regained 5 mp, and now have 48/68 mp.
You open the door.
There is an open door here.
There is a staircase leading out of the dungeon here.
You regained 5 mp, and now have 53/68 mp.
You have escaped!

##...#........##........#
##...#...##...##...##...#
##...#..####..##..####).#
##...#..####..##..####..#
#...#...##...##...##...#
##...#..................#
.....##................##
.....#######..##..######
.....#######..##@.######
.....##................##
...#.#..................#
...#.#.).##...##...##...#
#..#.#..####..##..####..#
#..#.#..####..##..####..#
)....#...##...##...##...#
##.#.#........##........#
#.#.#'......####......'##


There were no monsters in sight!

Vanquished Creatures
  the royal jelly (Slime:6)
  10 ancient liches
  4 orbs of fire
  Mara (Depths:1)
  2 juggernauts (Depths:4)
  2 pandemonium lords
  3 curse toes
  4 Killer Klowns
  3 caustic shrikes (Depths:4)
  7 golden dragons
  Nikola (Swamp:3)
  3 pearl dragons (Zig:17)
  A profane servitor (Zig:14)
  2 bone dragons
  Arachne (Spider:2)
  9 liches
  A Hellbinder (WizLab)
  A Brimstone Fiend (Zig:15)
  Jorgrun (Swamp:3)
  2 electric golems (Zot:5)
  8 tentacled monstrosities
  A Hell Sentinel (Depths:3)
  2 Ice Fiends
  6 titans
  2 deep elf master archers (Elf:3)
  2 deep elf blademasters (Elf:3)
  23 acid blobs
  22 Orb Guardians
  5 death cobs
  5 Shadow Fiends
  A quicksilver dragon (Depths:2)
  6 ancient champions
  An octopode crusher (Depths:3)
  Gastronok (D:8)
  4 sphinxes
  Agnes (D:14)
  2 shadow dragons (shapeshifter) (Zig:10)
  9 storm dragons
  6 thorn hunters
  4 shadow dragons (Vaults:5)
  3 warmongers (Zig:15)
  Kirke (Lair:7)
  16 azure jellies
  4 revenants
  4 tengu reavers (Vaults:5)
  Roxanne (Spider:1)
  2 draconian monks
  2 daevas (Zig:17)
  10 fire giants
  Donald (Swamp:3)
  A greater naga (Zig:5)
  7 deep elf sorcerers
  4 draconian knights
  11 frost giants
  4 iron dragons
  4 draconian scorchers
  11 balrugs
  3 draconian zealots
  2 caustic shrike zombies
  6 orc warlords
  16 vault wardens
  4 curse skulls
  9 draconian shifters
  A juggernaut zombie (Zig:12)
  7 ghost moths
  4 cacodemons
  5 war gargoyles
  5 emperor scorpions
  6 angels (Zig:17)
  7 ghouls
  4 draconian annihilators
  A spriggan defender (Depths:4)
  23 ironheart preservers
  22 very ugly things
  11 vampire knights
  5 ophanim (Zig:17)
  4 apis (Zig:17)
  20 stone giants
  The ghost of pedritolo the Imperceptible, an adept SpEn of Dithmenos (Crypt:2)
  A chaos champion (Zig:10)
  Nessos (D:15)
  7 deep elf demonologists
  7 reapers
  5 white draconians
  3 blood saints (Zig:15)
  4 mottled draconians
  4 green draconians
  3 black draconians
  4 purple draconians
  9 red draconians
  15 yellow draconians
  11 deep elf annihilators
  15 fire dragons
  10 deep elf death magi
  A blizzard demon (Zig:15)
  16 yaktaur captains
  A green death (WizLab)
  13 ettins
  A quicksilver dragon zombie (Crypt:2)
  13 death oozes
  Josephine (Lair:5)
  12 great orbs of eyes
  6 eidola
  9 deep elf high priests
  A jiangshi (Crypt:2)
  42 hydras
  28 vault guards
  5 entropy weavers
  3 spriggan air magi
  Fannar (Orc:2)
  A quicksilver dragon skeleton (Zig:12)
  A naga warrior (Zig:5)
  A catoblepas (Lair:8)
  7 rakshasas
  4 centaur warriors
  2 ghost crabs
  2 monstrous demonspawn
  A hell beast (WizLab)
  12 ice dragons
  An alligator snapping turtle (shapeshifter) (Zig:10)
  A dancing weapon (Elf:2)
  14 alligators
  7 death yaks
  18 ogre magi
  3 death knights
  8 deep troll shamans
  6 tengu warriors
  14 deep troll earth magi
  A titan zombie (Zig:18)
  7 vampire magi
  5 orc high priests
  2 hell hogs (Zig:18)
  The ghost of jazmu the Destroyer, a novice OpVM of Vehumet (D:8)
  An iron troll (Depths:5)
  4 spriggan berserkers
  2 naga sharpshooters (Zig:5)
  7 hell knights (Depths:2)
  13 deep elf knights
  4 storm dragon skeletons (Vaults:3)
  33 skeletal warriors
  7 ice devils
  28 deep trolls
  A fire crab (Vaults:3)
  A quicksilver dragon simulacrum (Depths:2)
  5 shadow wraiths
  2 unseen horrors (D:12)
  13 flayed ghosts
  7 giant orange brains
  12 cherubim (Zig:17)
  11 swamp dragons
  A hill giant (shapeshifter) (Depths:4)
  11 hill giants
  2 spriggan druids
  2 shadow demons (Zig:12)
  7 deep elf summoners
  A lindwurm (Lair:8)
  A golden dragon skeleton (Zig:18)
  15 orc knights
  A torturous demonspawn (Depths:3)
  Pikel (D:7)
  2 tengu zombies
  3 wizards
  4 griffons
  A lindwurm (shapeshifter) (Zig:10)
  17 orc sorcerers
  5 shambling mangroves
  9 phantasmal warriors
  74 ugly things
  9 ironbrand convokers
  A shining eye (shapeshifter) (Vaults:1)
  11 deep elf conjurers
  2 fire giant zombies
  16 orb spiders
  13 hornets
  A mana viper (Zig:5)
  29 wolf spiders
  2 orb spiders (shapeshifter)
  8 shining eyes
  3 large abominations
  2 sixfirhies (Zig:15)
  2 sphinx skeletons
  7 necromancers
  6 oklob plants
  6 cyclopes
  An iron dragon skeleton (Zig:18)
  A shadow dragon skeleton (Vaults:1)
  4 tengu skeletons
  6 orange demons
  11 black mambas
  A toenail golem (D:10)
  24 vault sentinels
  2 fire giant skeletons
  2 centaur zombies
  2 eyes of devastation
  A rust devil (Zot:5)
  15 moths of wrath
  A spriggan zombie (Zig:18)
  11 elephants
  6 torpor snails
  2 ice statues
  2 manticores
  2 frost giant skeletons
  2 guardian serpents (shapeshifter)
  A spiny frog (shapeshifter) (Vaults:1)
  A black mamba (shapeshifter) (Depths:1)
  A naga mage (Zig:5)
  10 komodo dragons
  A death yak zombie (Crypt:3)
  An efreet (D:13)
  2 gargoyles
  4 fire drakes
  A hellwing (Zig:15)
  A yaktaur (shapeshifter) (Zig:10)
  7 tormentors
  A storm dragon simulacrum (Depths:4)
  4 hellions
  A green draconian zombie (Crypt:2)
  A fire drake (shapeshifter) (D:14)
  7 tengu conjurers
  6 kobold demonologists
  22 spiny frogs
  6 demonic crawlers
  2 spriggan skeletons
  The ghost of jazmu the Chiller, a novice OpIE (D:5)
  62 yaktaurs
  2 anaconda simulacra (IceCv)
  11 deep elf priests
  14 freezing wraiths
  5 red devils
  A sea snake zombie (Crypt:3)
  4 yaktaur skeletons (Vaults:3)
  A golden dragon simulacrum (IceCv)
  19 jumping spiders
  A polar bear (shapeshifter) (Vaults:3)
  A death drake zombie (Crypt:1)
  7 polar bears
  A slime creature (shapeshifter) (Vaults:5)
  A wind drake (shapeshifter) (Vaults:4)
  3 blue devils
  A tengu simulacrum (Depths:4)
  8 giant leeches
  11 trolls
  28 two-headed ogres
  12 bog bodies
  A jumping spider (shapeshifter) (Vaults:5)
  2 blink frogs (shapeshifter)
  2 stone giant simulacra
  A troll (shapeshifter) (Vaults:3)
  5 boulder beetles
  7 air elementals
  16 trapdoor spiders
  38 blink frogs
  A fire giant simulacrum (Depths:4)
  A snapping turtle (shapeshifter) (Vaults:5)
  147 slime creatures
  8 flying skulls
  A guardian serpent skeleton (Crypt:3)
  A human simulacrum (Vaults:4)
  A fire dragon skeleton (Crypt:2)
  A wyvern (D:10)
  A satyr skeleton (Crypt:2)
  A yak (shapeshifter) (Depths:1)
  3 dire elephant simulacra (IceCv)
  5 water elementals
  2 redbacks (shapeshifter)
  35 redbacks
  26 yaks
  3 basilisks
  A salamander simulacrum (Vaults:3)
  12 spriggans
  A wolf spider simulacrum (IceCv)
  19 tarantellas
  14 wraiths
  A black mamba zombie (Crypt:3)
  A hippogriff (shapeshifter) (Elf:2)
  2 elf zombies (Zig:18)
  26 deep elf magi
  A small abomination (Zig:2)
  2 ynoxinuls
  9 shadows
  A human (shapeshifter) (D:15)
  A black mamba skeleton (Crypt:1)
  2 chaos spawn (Zig:10)
  An ettin skeleton (Vaults:3)
  3 tarantellas (shapeshifter)
  2 vampires
  A hog (Lair:8)
  6 hungry ghosts
  A golden eye (Slime:6)
  14 wargs
  A death yak simulacrum (IceCv)
  An elf skeleton (Vaults:1)
  Menkaure (D:5)
  12 hippogriffs
  A warg (shapeshifter) (Vaults:2)
  17 wolves
  43 deep elf fighters
  19 swamp worms
  18 insubstantial wisps
  A merfolk zombie (Crypt:2)
  40 vampire mosquitoes
  10 water moccasins
  3 neqoxecs
  A mottled dragon (D:12)
  2 iron troll simulacra (IceCv)
  A soldier ant (shapeshifter) (Depths:1)
  18 swamp drakes
  4 hydra simulacra (IceCv)
  Duvessa (D:4)
  3 hell hounds (Zig:18)
  2 sky beasts
  5 black bears
  A black bear (shapeshifter) (Vaults:2)
  67 orc warriors
  10 porcupines
  7 eyes of draining
  An elephant zombie (Crypt:3)
  14 spiders
  6 necrophages
  A sky beast (shapeshifter) (Depths:4)
  12 boggarts
  5 phantoms
  3 slaves (D:7)
  18 centaurs
  12 crocodiles
  A boggart (shapeshifter) (Vaults:2)
  5 ettin simulacra
  12 wasps
  73 ogres
  3 big kobolds (D:8)
  A gnoll sergeant (D:7)
  18 giant frogs
  A wyvern zombie (D:13)
  A water moccasin zombie (D:11)
  8 human skeletons
  2 warg zombies
  Dowan (D:4)
  2 wyvern skeletons
  A scorpion (shapeshifter) (Depths:4)
  A swamp dragon simulacrum (IceCv)
  8 scorpions
  13 killer bees
  54 jellies
  A vampire bat (D:6)
  28 wights
  6 electric eels
  A polar bear skeleton (Crypt:2)
  A quasit (D:9)
  A wasp zombie (D:9)
  6 crimson imps
  8 hounds
  A wolf skeleton (Crypt:1)
  11 centaur skeletons
  3 draconian simulacra (IceCv)
  Ijyb (D:2)
  44 orc priests
  A gnoll shaman (D:5)
  16 worker ants
  8 iguanas
  A black bear skeleton (Crypt:2)
  A demonspawn skeleton (Crypt:1)
  Natasha (thrice) (D:4)
  3 giant frog skeletons
  A troll simulacrum (IceCv)
  37 orc wizards
  2 spriggan simulacra (IceCv)
  2 polar bear simulacra (IceCv)
  A big kobold zombie (Crypt:1)
  4 centaur simulacra (IceCv)
  46 sheep
  A crocodile zombie (Crypt:3)
  A dwarf zombie (Crypt:3)
  A demigod skeleton (Crypt:2)
  A hound skeleton (D:8)
  18 gnolls
  15 adders
  34 river rats
  4 worker ant zombies
  An ogre simulacrum (IceCv)
  A swamp drake skeleton (Crypt:3)
  3 naga simulacra (IceCv)
  A river rat (shapeshifter) (Vaults:1)
  4 shadow imps
  5 white imps (IceCv)
  An ooze (D:3)
  6 ufetubi
  An adder skeleton (D:4)
  An iguana skeleton (Crypt:1)
  8 giant geckos
  280 orcs
  2 ball pythons
  9 bats
  5 bat skeletons (D:6)
  A bat zombie (D:6)
  10 hobgoblins
  4 jackals
  4 quokkas
  10 giant cockroaches
  10 giant newts
  12 goblins
  27 kobolds
  14 rats
  4 blocks of ice
  16 briar patches (Swamp:4)
  2 crawling corpses (Elf:3)
  An eldritch tentacle segment (Vaults:5)
  23 fire vortices
  5 fungi
  2 lost souls
  9 plants
3380 creatures vanquished.

Vanquished Creatures (collateral kills)
  2 pearl dragons (Zig:17)
  2 bone dragons
  A shard shrike zombie (Crypt:1)
  2 tentacled monstrosities
  5 Orb Guardians (Zot:5)
  A quicksilver dragon (Depths:4)
  4 acid blobs
  An ancient champion (Crypt:3)
  A sphinx (Vaults:5)
  2 storm dragons
  A revenant (Crypt:2)
  A ghost moth (Zot:5)
  A draconian scorcher (Depths:5)
  A draconian zealot (Zot:2)
  2 reapers
  A spriggan defender (Depths:4)
  A stone giant (Depths:5)
  A draconian caller (Zot:2)
  2 mottled draconians
  A yellow draconian (Zot:2)
  A purple draconian (Zot:2)
  A deep elf death mage (Crypt:1)
  3 vault guards (Vaults:5)
  3 white draconians
  A jiangshi (Crypt:2)
  An eidolon (Crypt:1)
  A quicksilver dragon zombie (Zig:12)
  A yaktaur captain (Depths:3)
  An ice dragon (Zot:4)
  A vampire mage (Crypt:3)
  A skeletal warrior (Crypt:1)
  A storm dragon skeleton (Zig:18)
  2 giant orange brains
  An orc knight (Vaults:5)
  A golden dragon skeleton (Zig:18)
  An oklob plant (Zot:2)
  A frost giant zombie (Crypt:2)
  A stone giant zombie (Crypt:3)
  A mana viper (shapeshifter) (Vaults:5)
  A hornet (Spider:1)
  A wolf spider (Spider:2)
  An orb spider (Spider:4)
  A rust devil (WizLab)
  A grey draconian zombie (Crypt:2)
  A jumping spider zombie (Crypt:1)
  8 slime creatures
  A tarantella (Spider:4)
  3 redbacks
  A wraith (Crypt:3)
  3 spiders (Spider:1)
  A wasp (D:11)
  An ettin simulacrum (IceCv)
  A killer bee (D:11)
  A spriggan skeleton (Crypt:1)
  2 wights (Crypt:1)
  16 jellies
  A wolf skeleton (Crypt:2)
  An orc wizard (Vaults:5)
  A wolf simulacrum (IceCv)
  2 naga simulacra (IceCv)
  2 orcs (Zig:13)
  2 kobolds (D:11)
  A quokka skeleton (Crypt:2)
111 creatures vanquished.

Vanquished Creatures (others)
  2 eldritch tentacles
  A tengu reaver (Vaults:5)
  A fire giant (Zig:16)
  4 stone giants
  2 yaktaur captains
  A deep elf high priest (Depths:4)
  4 centaur warriors
  A deep elf knight (Elf:1)
  9 yaktaurs
  2 humans (Lair:8)
  A hungry ghost (D:7)
  An iguana (D:6)
  2 white imps (IceCv)
  3 ufetubi (IceCv)
  A giant gecko (D:7)
  3 blocks of ice
  7 briar patches
  43 eldritch tentacle segments
  766 fire vortices
  62 fungi
  2 lost souls
  38 plants
956 creatures vanquished.

Grand Total: 4447 creatures vanquished

Notes
Turn   | Place    | Note
--------------------------------------------------------------
     0 | D:1      | jazmu the Octopode Venom Mage began the quest for the Orb.
     0 | D:1      | Reached XP level 1. HP: 11/11 MP: 3/3
    66 | D:1      | Reached skill level 5 in Poison Magic
   343 | D:1      | Reached XP level 2. HP: 17/17 MP: 3/5
   404 | D:1      | HP: 2/17 [kobold/short sword (3)]
  1262 | D:1      | Reached XP level 3. HP: 14/21 MP: 2/6
  1443 | D:2      | Noticed Ijyb
  1496 | D:2      | Found a shattered altar of Ashenzari.
  1525 | D:2      | Learned a level 2 spell: Cure Poison
  1543 | D:2      | Reached skill level 1 in Shields
  1654 | D:2      | Found a faded altar to an unknown god.
  1661 | D:2      | Reached skill level 6 in Poison Magic
  1710 | D:2      | Reached XP level 4. HP: 27/27 MP: 0/7
  2128 | D:2      | Reached skill level 2 in Shields
  2181 | D:2      | Killed Ijyb
  2185 | D:2      | Reached XP level 5. HP: 11/31 MP: 3/9
  2901 | D:3      | Reached skill level 3 in Spellcasting
  3342 | D:4      | Learned a level 3 spell: Mephitic Cloud
  3361 | D:3      | Reached skill level 3 in Shields
  3536 | D:4      | You fall through a shaft for 2 floors!
  3536 | D:6      | Found a white marble altar of Elyvilon.
  3624 | D:6      | Reached XP level 6. HP: 16/36 MP: 0/11
  3709 | D:6      | HP: 8/36 [orc priest/divine providence (13)]
  3716 | D:6      | HP: 8/36 [worker ant zombie (3)]
  3892 | D:6      | Noticed a centaur
  3903 | D:6      | Killed a centaur
  3903 | D:6      | Reached skill level 4 in Shields
  3903 | D:6      | Reached skill level 4 in Spellcasting
  3918 | D:6      | Noticed a phantom
  3921 | D:5      | Entered Level 5 of the Dungeon
  4024 | D:5      | Noticed jazmu's ghost (novice OpIE)
  4081 | D:4      | Found a snail-covered altar of Cheibriados.
  4091 | D:4      | Reached XP level 7. HP: 41/41 MP: 0/13
  4203 | D:4      | Noticed Duvessa
  4627 | D:4      | Noticed a phantom
  5004 | D:4      | Noticed Natasha
  5147 | D:5      | Reached skill level 5 in Spellcasting
  5185 | D:5      | Reached skill level 5 in Shields
  5185 | D:5      | Reached skill level 1 in Conjurations
  5291 | D:4      | Killed Natasha
  5522 | D:5      | Found an ancient bone altar of Kikubaaqudgha.
  5577 | D:5      | Reached skill level 2 in Conjurations
  5619 | D:5      | HP: 10/41 [jazmu's ghost (14)]
  5881 | D:4      | Noticed Dowan
  6007 | D:4      | Noticed Natasha
  6010 | D:4      | Killed Natasha
  6087 | D:4      | Killed Dowan
  6087 | D:4      | Reached XP level 8. HP: 41/46 MP: 7/15
  6088 | D:4      | Noticed Natasha
  6092 | D:4      | Killed Natasha
  6194 | D:4      | Killed Duvessa
  6194 | D:4      | Reached skill level 3 in Conjurations
  6213 | D:4      | Found a bloodstained altar of Trog.
  6635 | D:5      | Reached skill level 4 in Conjurations
  6682 | D:5      | Noticed Menkaure
  7002 | D:5      | Reached skill level 5 in Conjurations
  7312 | D:6      | Noticed an orc warrior
  7327 | D:6      | Reached skill level 6 in Conjurations
  7650 | D:6      | Reached skill level 7 in Conjurations
  7650 | D:6      | Reached XP level 9. HP: 43/51 MP: 8/16
  8839 | D:6      | Noticed a centaur
  8854 | D:6      | Killed a centaur
  9041 | D:6      | Noticed an orc warrior
  9092 | D:6      | HP: 12/51 [bat skeleton (1)]
  9359 | D:6      | Noticed an ogre
  9366 | D:6      | Killed an ogre
  9489 | D:6      | Killed an orc warrior
  9609 | D:6      | Found a basalt altar of Yredelemnul.
  9933 | D:6      | Found an ancient bone altar of Kikubaaqudgha.
 10011 | D:6      | Killed an orc warrior
 10011 | D:6      | Reached skill level 6 in Spellcasting
 10011 | D:6      | Reached skill level 8 in Conjurations
 10282 | D:7      | Noticed Pikel
 10452 | D:7      | Killed Pikel
 11012 | D:7      | Found a staircase to the Ecumenical Temple.
 11018 | Temple   | Entered the Ecumenical Temple
 11138 | Temple   | Became a worshipper of Vehumet
 11377 | D:8      | Found a sacrificial altar of Ru.
 11426 | D:8      | Reached skill level 7 in Spellcasting
 11466 | D:8      | Reached skill level 9 in Conjurations
 11597 | D:8      | Reached XP level 10. HP: 56/56 MP: 3/20
 11866 | D:8      | Noticed an elephant
 11932 | D:8      | HP: 10/56 [elephant (12)]
 11948 | D:8      | Killed an elephant
 11948 | D:8      | Reached * piety under Vehumet
 11948 | D:8      | Offered knowledge of Sandblast by Vehumet.
 12300 | D:8      | Reached skill level 8 in Spellcasting
 12566 | D:8      | Noticed jazmu's ghost (novice OpVM)
 12987 | D:8      | Found a staircase to the Lair.
 13191 | D:8      | Reached skill level 10 in Conjurations
 13213 | D:8      | Learned a level 6 spell: Iron Shot
 13467 | D:9      | Reached skill level 1 in Earth Magic
 13478 | D:9      | Found Qitodiy's Food Emporium.
 13502 | D:9      | Noticed a balrug
 13503 | D:9      | Found a burning altar of Makhleb.
 13523 | D:9      | Found a glowing silver altar of Zin.
 13523 | D:9      | Noticed an angel
 13688 | D:9      | Found a shattered altar of Ashenzari.
 13942 | D:9      | Reached skill level 2 in Earth Magic
 14096 | D:9      | Found a sparkling altar of Nemelex Xobeh.
 14687 | D:10     | Entered Level 10 of the Dungeon
 14959 | D:10     | Offered knowledge of Throw Frost by Vehumet.
 15062 | D:10     | Noticed a hill giant
 15088 | D:10     | Killed a hill giant
 15088 | D:10     | Reached skill level 4 in Earth Magic
 15332 | D:10     | Reached skill level 5 in Earth Magic
 16290 | D:11     | Noticed a hill giant
 16306 | D:11     | Killed a hill giant
 16306 | D:11     | Reached ** piety under Vehumet
 16306 | D:11     | Reached skill level 6 in Earth Magic
 16306 | D:11     | Reached XP level 11. HP: 61/61 MP: 5/23
 16414 | D:11     | Reached skill level 7 in Earth Magic
 16971 | D:11     | Reached skill level 8 in Earth Magic
 17469 | D:11     | Noticed a cyclops
 17835 | D:11     | Killed a cyclops
 17835 | D:11     | Reached skill level 9 in Earth Magic
 18364 | D:11     | Reached skill level 1 in Fighting
 18375 | D:11     | Noticed a rakshasa
 18495 | D:10     | Reached skill level 2 in Fighting
 18810 | D:11     | Reached skill level 3 in Fighting
 18926 | D:11     | Reached skill level 4 in Fighting
 19087 | D:11     | Offered knowledge of Searing Ray by Vehumet.
 19343 | D:12     | Reached *** piety under Vehumet
 19345 | D:12     | Reached skill level 5 in Fighting
 19610 | D:11     | Noticed a green ugly thing
 19617 | D:11     | Killed a green ugly thing
 19841 | Lair:1   | Entered Level 1 of the Lair of Beasts
 19841 | Lair:1   | Noticed a five-headed hydra
 19844 | Lair:1   | Killed a five-headed hydra
 19844 | Lair:1   | Reached skill level 6 in Fighting
 19844 | Lair:1   | Reached XP level 12. HP: 79/79 MP: 6/24
 19847 | D:8      | Reached skill level 9 in Spellcasting
 20056 | Lair:1   | Offered knowledge of Inner Flame by Vehumet.
 20209 | Lair:1   | Noticed Gastronok
 20662 | D:8      | Killed Gastronok
 20662 | D:8      | Reached skill level 7 in Fighting
 20879 | Lair:1   | Learned a level 1 spell: Apportation
 21252 | Lair:1   | Reached skill level 10 in Spellcasting
 21383 | Lair:1   | Reached skill level 8 in Fighting
 21627 | Lair:1   | Noticed a five-headed hydra
 21652 | Lair:1   | Killed a five-headed hydra
 21776 | Lair:1   | Found a snail-covered altar of Cheibriados.
 21861 | Lair:1   | Reached **** piety under Vehumet
 22191 | Lair:2   | Offered knowledge of Ignite Poison by Vehumet.
 22222 | Lair:2   | Noticed a five-headed hydra
 22226 | Lair:2   | Killed a five-headed hydra
 22380 | Lair:2   | Learned a level 5 spell: Bolt of Magma
 22579 | Lair:2   | Reached skill level 11 in Conjurations
 22691 | Lair:2   | Reached skill level 11 in Spellcasting
 22710 | Lair:2   | Reached XP level 13. HP: 81/88 MP: 7/28
 22990 | Lair:2   | Noticed a four-headed hydra
 22995 | Lair:2   | Killed a four-headed hydra
 24390 | Lair:3   | Found a hole to the Spider Nest.
 24428 | Lair:3   | Reached ***** piety under Vehumet
 24693 | Lair:3   | Offered knowledge of Bolt of Cold by Vehumet.
 25035 | Lair:4   | Found a staircase to the Swamp.
 25228 | Lair:4   | Reached skill level 12 in Conjurations
 25861 | Lair:4   | You fall through a shaft for 2 floors!
 25962 | Lair:6   | Got a faintly glowing quarterstaff
 26066 | Lair:4   | Reached skill level 12 in Spellcasting
 26564 | Lair:5   | Noticed Josephine
 26578 | Lair:5   | Killed Josephine
 28000 | Lair:6   | Reached skill level 13 in Conjurations
 28556 | Lair:7   | Reached XP level 14. HP: 94/94 MP: 23/30
 29215 | Lair:7   | Reached skill level 13 in Spellcasting
 29603 | Lair:7   | Found a shimmering altar of Xom.
 30108 | Lair:7   | Identified Mesuor's Collected Works on Spatial Bewitchment (You found it on level 7 of the Lair of Beasts)
 30129 | Lair:7   | Learned a level 5 spell: Fireball
 30156 | Lair:7   | Reached skill level 1 in Fire Magic
 30165 | Lair:7   | Reached skill level 2 in Fire Magic
 30467 | Lair:7   | Reached skill level 3 in Fire Magic
 30887 | Lair:7   | Reached skill level 4 in Fire Magic
 30984 | Lair:8   | Entered Level 8 of the Lair of Beasts
 31121 | Lair:8   | Reached skill level 5 in Fire Magic
 31287 | Lair:8   | Offered knowledge of Lee's Rapid Deconstruction by Vehumet.
 31541 | Lair:8   | Noticed Kirke
 31931 | D:9      | Found a deep blue altar of Sif Muna.
 31937 | D:9      | Found a stormy altar of Qazlal.
 31937 | D:9      | Found a glowing golden altar of the Shining One.
 31938 | D:9      | Found a shattered altar of Ashenzari.
 32045 | D:9      | Found an iron altar of Okawaru.
 32210 | D:10     | Reached skill level 6 in Fire Magic
 32289 | D:10     | Killed a rakshasa
 32746 | D:12     | Identified a scroll of acquirement
 32768 | D:12     | Found a portal to a secret trove of treasure.
 32860 | D:12     | Reached skill level 7 in Fire Magic
 33162 | D:12     | Found a staircase to the Orcish Mines.
 34210 | D:12     | Reached skill level 8 in Fire Magic
 34251 | Orc:1    | Entered Level 1 of the Orcish Mines
 34851 | Orc:1    | Found Loteot's Antique Armour Boutique.
 34980 | Orc:2    | Noticed Fannar
 34983 | Orc:2    | Killed Fannar
 35253 | Orc:2    | Reached ****** piety under Vehumet
 35569 | Orc:2    | Found a shimmering altar of Xom.
 35774 | Orc:2    | Offered knowledge of Bolt of Draining by Vehumet.
 35880 | Orc:3    | Found Diasek's Assorted Antiques.
 36194 | Orc:3    | Reached skill level 9 in Fire Magic
 36198 | Orc:3    | Noticed an orc warlord
 36504 | Orc:3    | Killed an orc warlord
 36681 | Orc:3    | Reached XP level 15. HP: 99/99 MP: 4/32
 37285 | Orc:3    | Found a roughly hewn altar of Beogh.
 37750 | Orc:4    | Entered Level 4 of the Orcish Mines
 37974 | Orc:3    | Reached skill level 14 in Spellcasting
 38052 | Orc:3    | Offered knowledge of Freezing Cloud by Vehumet.
 38129 | Orc:4    | Found a staircase to the Elven Halls.
 38400 | Orc:4    | Found Xyerah's Antique Weapon Shop.
 38729 | Orc:4    | Found Sutine's Antique Armour Boutique.
 39938 | Orc:4    | Found Puorphuf's General Store.
 39958 | Orc:4    | Bought a scroll of identify for 36 gold pieces
 39961 | Orc:4    | Gained mutation: Your flesh is heat resistant. [potion of beneficial mutation]
 40254 | Orc:4    | Found Xuqiuryu's Jewellery Shoppe.
 40262 | Orc:4    | Bought an uncursed ring of protection from cold for 350 gold pieces
 40506 | Orc:4    | Bought a scroll of teleportation for 54 gold pieces
 40506 | Orc:4    | Bought a scroll of teleportation for 54 gold pieces
 40506 | Orc:4    | Bought a beef jerky for 27 gold pieces
 40961 | Lair:8   | Found a runed door.
 41112 | Lair:8   | Reached skill level 3 in Dodging
 41177 | Lair:8   | Found a viscous altar of Jiyva.
 41177 | Lair:8   | Noticed an azure jelly
 41178 | Lair:8   | Found a staircase to the Slime Pits.
 41191 | Lair:8   | Offered knowledge of Ozocubu's Refrigeration by Vehumet.
 41322 | Lair:8   | Killed an azure jelly
 41560 | Lair:8   | Reached skill level 4 in Dodging
 42173 | Lair:8   | Noticed a sphinx
 42175 | Lair:8   | Paralysed by a sphinx for 6 turns
 42515 | Lair:7   | Killed Kirke
 42515 | Lair:7   | Reached skill level 10 in Fire Magic
 42684 | Lair:7   | Reached skill level 5 in Dodging
 43413 | Lair:8   | Reached skill level 6 in Dodging
 43621 | Lair:8   | Reached XP level 16. HP: 105/105 MP: 13/34
 44097 | Lair:1   | Learned a level 2 spell: Repel Missiles
 44536 | D:13     | Reached skill level 11 in Fire Magic
 44916 | D:13     | Reached skill level 7 in Dodging
 45044 | D:13     | Found a gate to the Vaults.
 45128 | D:13     | Offered knowledge of Conjure Ball Lightning by Vehumet.
 46138 | D:14     | Got a shimmering dagger
 46250 | D:14     | Noticed Agnes
 47133 | D:14     | Reached skill level 8 in Dodging
 47552 | D:15     | Entered Level 15 of the Dungeon
 47618 | D:15     | Noticed Nessos
 47645 | D:15     | Killed Nessos
 47645 | D:15     | Reached skill level 1 in Evocations
 47842 | D:15     | Reached skill level 2 in Evocations
 47990 | D:15     | Found a staircase to the Depths.
 48104 | D:15     | Reached skill level 3 in Evocations
 48384 | Orc:4    | Bought the amulet "Mohi" {rF+ MR+++ Regen+ Int-5 Stlth+} for 665 gold pieces
 48947 | D:15     | Reached skill level 9 in Dodging
 49102 | D:15     | Reached skill level 4 in Evocations
 49250 | D:15     | Identified the +12 dagger "Tieg Fuwn" {freeze, *Rage rF+ rC+ Int+5} (You found it on level 14 of the Dungeon)
 49601 | D:15     | Reached skill level 5 in Evocations
 49911 | Depths:1 | Entered Level 1 of the Depths
 50240 | Depths:1 | Reached skill level 6 in Evocations
 50284 | Depths:1 | Reached skill level 10 in Dodging
 50532 | Depths:1 | Noticed Mara
 50538 | Depths:1 | Found a gateway to Hell.
 50812 | Depths:1 | Reached skill level 7 in Evocations
 50812 | Depths:1 | Reached XP level 17. HP: 78/109 MP: 2/35
 51284 | Swamp:1  | Entered Level 1 of the Swamp
 52327 | Swamp:1  | Reached skill level 11 in Dodging
 52469 | Swamp:1  | Reached skill level 12 in Fire Magic
 53468 | Swamp:2  | Offered knowledge of Poison Arrow by Vehumet.
 54884 | Swamp:3  | Reached skill level 12 in Dodging
 54944 | Swamp:3  | Reached skill level 13 in Fire Magic
 55102 | Swamp:3  | Noticed Donald
 55109 | Swamp:3  | Killed Donald
 55279 | Swamp:3  | Noticed Jorgrun
 55282 | Swamp:3  | Killed Jorgrun
 55282 | Swamp:3  | Reached skill level 6 in Shields
 55517 | Swamp:3  | Noticed Nikola
 55535 | Swamp:3  | Killed Nikola
 55535 | Swamp:3  | Reached skill level 7 in Shields
 55976 | Swamp:3  | Reached skill level 8 in Shields
 56201 | Swamp:3  | Reached XP level 18. HP: 116/116 MP: 34/36
 56635 | Swamp:4  | Entered Level 4 of the Swamp
 56655 | Swamp:4  | Reached skill level 9 in Shields
 57326 | Swamp:4  | Reached skill level 10 in Shields
 57853 | Swamp:4  | Offered knowledge of Lehudib's Crystal Spear by Vehumet.
 57853 | Swamp:4  | Offered knowledge of Fire Storm by Vehumet.
 57853 | Swamp:4  | Offered knowledge of Glaciate by Vehumet.
 57853 | Swamp:4  | Reached skill level 11 in Shields
 58683 | Swamp:4  | Reached skill level 12 in Shields
 59129 | Swamp:4  | Got a decaying rune of Zot
 59536 | Elf:1    | Entered Level 1 of the Elven Halls
 59713 | Elf:1    | Found Zosovit's Gadget Shop.
 60737 | Elf:2    | Found Tualaaha's Assorted Antiques.
 60743 | Elf:2    | Reached skill level 14 in Conjurations
 60757 | Elf:2    | Bought a potion of heal wounds for 195 gold pieces
 60757 | Elf:2    | Bought a hardcover manual for 585 gold pieces
 60757 | Elf:2    | Bought a potion of curing for 117 gold pieces
 60757 | Elf:2    | Bought a lumpy copper amulet for 195 gold pieces
 60775 | Elf:2    | Reached skill level 3 in Stealth
 60812 | Elf:2    | Reached skill level 4 in Stealth
 60988 | Elf:2    | Found a runed gate.
 60988 | Elf:2    | Found a runed gate.
 60999 | Elf:2    | Found a runed gate.
 61076 | Elf:2    | Reached skill level 5 in Stealth
 61238 | Elf:3    | Entered Level 3 of the Elven Halls
 61322 | Elf:3    | Reached skill level 6 in Stealth
 61698 | Elf:3    | Reached XP level 19. HP: 120/120 MP: 23/37
 61807 | Elf:3    | Found Bohieb's Distillery.
 61815 | Elf:3    | Bought a potion of heal wounds for 80 gold pieces
 61815 | Elf:3    | Bought a potion of curing for 48 gold pieces
 61815 | Elf:3    | Bought a potion of curing for 48 gold pieces
 61815 | Elf:3    | Bought a potion of curing for 48 gold pieces
 61967 | Elf:3    | Reached skill level 7 in Stealth
 62251 | Elf:3    | Reached skill level 8 in Stealth
 62447 | Elf:3    | Reached skill level 9 in Stealth
 62703 | Elf:3    | Reached skill level 10 in Stealth
 62922 | Elf:3    | Got a twitching platinum ring
 62937 | Elf:3    | Identified the ring of Bokhej {rElec rN+ MR+ MP+9} (You took it off a deep elf fighter on level 3 of the Elven Halls)
 62951 | Elf:3    | Got a ring of the Octopus King
 62953 | Elf:3    | Identified a ring of the Octopus King {AC+1 EV+1 Str+1 Int+1 Dex+1 SInv} (You took it off a deep elf fighter on level 3 of the Elven Halls)
 62992 | Elf:3    | Reached skill level 11 in Stealth
 63545 | Elf:3    | Got a fine great sword {freeze}
 63570 | Elf:3    | Reached skill level 14 in Fire Magic
 63573 | Elf:3    | Reached skill level 12 in Stealth
 63625 | Elf:3    | Reached skill level 15 in Conjurations
 63776 | Elf:3    | Got a blackened rapier {freeze}
 63778 | Elf:3    | Got a translucent flail {freeze}
 64465 | Lair:1   | Identified a +1 rod of destruction (13/13) (You found it on level 2 of the Elven Halls)
 65257 | Spider:1 | Entered Level 1 of the Spider Nest
 65469 | Vaults:1 | Entered Level 1 of the Vaults
 65599 | Vaults:1 | Reached skill level 13 in Stealth
 66292 | Vaults:1 | Reached skill level 14 in Stealth
 66717 | Vaults:1 | Reached XP level 20. HP: 126/126 MP: 38/38
 66774 | Vaults:1 | Gained mutation: You tend to lose your temper in combat. [a shining eye]
 67001 | Vaults:1 | Found Iskurof's Armour Shop.
 67325 | Vaults:1 | Reached skill level 15 in Stealth
 67333 | Vaults:1 | Found Viog's Weapon Shop.
 67782 | Vaults:2 | Reached skill level 15 in Fire Magic
 67940 | Vaults:2 | Reached skill level 16 in Stealth
 68216 | Vaults:2 | Reached skill level 16 in Conjurations
 68669 | Vaults:2 | Reached skill level 17 in Stealth
 69705 | Vaults:3 | Reached skill level 16 in Fire Magic
 69991 | Vaults:3 | Got a crude broad axe {pain}
 70090 | Vaults:3 | Reached XP level 21. HP: 132/132 MP: 32/39
 70262 | Vaults:3 | Found a staircase to the Crypt.
 70335 | Vaults:3 | Paralysed by a hornet for 2 turns
 70383 | Vaults:3 | Reached skill level 17 in Conjurations
 72609 | Vaults:3 | Reached skill level 17 in Fire Magic
 73170 | Vaults:4 | Reached skill level 18 in Conjurations
 74364 | Vaults:4 | Reached XP level 22. HP: 137/137 MP: 31/40
 75072 | Vaults:4 | Reached skill level 18 in Fire Magic
 75743 | Depths:1 | Found a shimmering altar of Xom.
 75806 | Depths:1 | Noticed a lich
 75808 | Depths:1 | Killed a lich
 75851 | Depths:1 | Noticed jazmu's illusion
 76001 | Depths:1 | Learned a level 9 spell: Fire Storm
 76034 | Depths:2 | Found a gateway to a ziggurat.
 76500 | Depths:2 | Reached skill level 19 in Conjurations
 77226 | Depths:2 | Learned a level 6 spell: Deflect Missiles
 77313 | Depths:2 | Found a one-way gate leading to the halls of Pandemonium.
 77475 | Depths:2 | Reached skill level 1 in Charms
 77475 | Depths:2 | Reached skill level 1 in Air Magic
 77540 | Depths:2 | Reached skill level 2 in Charms
 77643 | Depths:2 | Reached skill level 2 in Air Magic
 77669 | Depths:2 | Reached skill level 3 in Charms
 77783 | Depths:2 | Reached skill level 4 in Charms
 77897 | Depths:2 | Reached skill level 3 in Air Magic
 78005 | Depths:2 | Reached skill level 5 in Charms
 78920 | D:5      | Killed jazmu's ghost
 79001 | D:5      | Killed Menkaure
 79097 | D:8      | Killed jazmu's ghost
 79097 | D:8      | Reached skill level 4 in Air Magic
 79231 | D:14     | Killed Agnes
 79231 | D:14     | Reached skill level 6 in Charms
 79608 | Depths:1 | Killed Mara
 79744 | Depths:1 | Reached XP level 23. HP: 143/143 MP: 41/41
 79745 | Depths:1 | Reached skill level 7 in Charms
 80165 | Depths:2 | Got a translucent trident
 80242 | Depths:3 | Reached skill level 5 in Air Magic
 80656 | Depths:3 | Reached skill level 8 in Charms
 80972 | Depths:3 | Found a sacrificial altar of Ru.
 81178 | Depths:3 | Reached skill level 6 in Air Magic
 81180 | Depths:3 | Reached skill level 9 in Charms
 81888 | Depths:4 | Noticed a juggernaut
 82018 | Depths:4 | Killed a juggernaut
 82591 | Depths:4 | Reached skill level 19 in Fire Magic
 82857 | Depths:4 | Reached skill level 20 in Conjurations
 83136 | Depths:4 | Reached XP level 24. HP: 148/148 MP: 26/41
 83706 | D:12     | You paid a toll of a +4 ice dragon armour to enter a treasure trove
 83707 | Trove    | Entered a treasure trove
 84209 | Depths:4 | Noticed a juggernaut
 84222 | Depths:4 | Killed a juggernaut
 84301 | Depths:4 | Found a one-way gate to the infinite horrors of the Abyss.
 84913 | Depths:5 | Entered Level 5 of the Depths
 85389 | Depths:5 | Reached skill level 21 in Conjurations
 85525 | Depths:5 | Found a gate to the Realm of Zot.
 85969 | Depths:5 | Found a corrupted altar of Lugonu.
 86657 | Slime:1  | Entered Level 1 of the Pits of Slime
 87090 | Slime:6  | Entered Level 6 of the Pits of Slime
 87095 | Slime:6  | Reached skill level 20 in Fire Magic
 87163 | Slime:6  | Noticed the royal jelly
 87281 | Slime:6  | Killed the royal jelly
 87281 | Slime:6  | Reached skill level 22 in Conjurations
 87362 | Slime:6  | Gained mutation: Your mind is acute. (Int +2) [potion of beneficial mutation]
 87382 | Slime:6  | Got a slimy rune of Zot
 87417 | Slime:6  | Reached XP level 25. HP: 134/153 MP: 41/41
 87474 | Slime:6  | Identified Sif Muna's Papyrus of Excruciating Summoning (You found it on level 6 of the Pits of Slime)
 88527 | Spider:1 | Noticed Roxanne
 88534 | Spider:1 | Killed Roxanne
 88544 | Spider:1 | Identified Roxanne's Volume of Ashen Moulding (You took it off Roxanne on level 1 of the Spider Nest)
 88883 | Spider:2 | Learned a level 9 spell: Glaciate
 88892 | Spider:2 | Noticed Arachne
 89126 | Spider:2 | Killed Arachne
 89126 | Spider:2 | Reached skill level 1 in Ice Magic
 89258 | Spider:2 | Reached skill level 2 in Ice Magic
 89490 | Spider:3 | Reached skill level 3 in Ice Magic
 89941 | Spider:4 | Entered Level 4 of the Spider Nest
 89946 | Spider:4 | Reached skill level 4 in Ice Magic
 90019 | Spider:4 | Found a frozen archway.
 90063 | IceCv    | Entered an ice cave
 90605 | IceCv    | Reached skill level 5 in Ice Magic
 90819 | IceCv    | Got a scorched bone ring
 90822 | IceCv    | Identified the ring of Kiaj {Ice Str+4} (You found it in an ice cave)
 91136 | Spider:4 | Reached skill level 6 in Ice Magic
 91272 | Spider:4 | Got a gossamer rune of Zot
 91633 | Lair:1   | Learned a level 6 spell: Haste
 91703 | D:11     | Reached skill level 23 in Conjurations
 91911 | Vaults:3 | Reached skill level 7 in Ice Magic
 92062 | Vaults:5 | Entered Level 5 of the Vaults
 92068 | Vaults:5 | Noticed an ancient lich
 92068 | Vaults:5 | Reached skill level 8 in Ice Magic
 92076 | Vaults:5 | Killed an ancient lich
 92092 | Vaults:5 | Reached XP level 26. HP: 125/159 MP: 26/41
 92093 | Vaults:5 | Reached skill level 9 in Ice Magic
 92097 | Vaults:5 | Noticed an ancient lich
 92265 | Vaults:5 | Killed an ancient lich
 92266 | Vaults:5 | Reached skill level 10 in Ice Magic
 92836 | Vaults:4 | Reached skill level 11 in Ice Magic
 92927 | Vaults:5 | Reached skill level 24 in Conjurations
 93277 | Vaults:5 | Got a silver rune of Zot
 93497 | Vaults:5 | Identified the Catalogue of the Hurtful Mountains
 93697 | Vaults:5 | Got a fine glass ring
 93859 | Vaults:5 | Reached skill level 12 in Ice Magic
 93947 | Vaults:5 | Identified the ring of the Countless Lies {SustAt +Blink Stlth+} (You took it off a deep elf high priest on level 5 of the Vaults)
 94010 | Vaults:5 | Identified Ceutu's Guide on the Blaze
 94975 | Slime:6  | Got an ichor-stained trident
 95638 | Crypt:1  | Entered Level 1 of the Crypt
 96521 | Crypt:2  | Noticed pedritolo's ghost (adept SpEn)
 96523 | Crypt:2  | Killed pedritolo's ghost
 96523 | Crypt:2  | Reached XP level 27. HP: 164/164 MP: 41/41
 96533 | Crypt:2  | Reached skill level 13 in Ice Magic
 97126 | Crypt:3  | Entered Level 3 of the Crypt
 97152 | Crypt:3  | Found a magical portal.
 97162 | WizLab   | Entered The Hall of Ryqevad the Hellbinder
 97918 | WizLab   | Found a burning altar of Makhleb.
 97950 | WizLab   | Identified Sif Muna's Collected Works on Companions and the Oath
 98024 | WizLab   | Identified the Incunabulum of the Spatial Entourage (You found it in a wizard's laboratory)
 98203 | Crypt:3  | Found a staircase to the Tomb.
 98410 | Crypt:3  | Reached skill level 25 in Conjurations
 98897 | Crypt:3  | Reached skill level 14 in Ice Magic
 99194 | Crypt:3  | Got a shimmering sapphire amulet
 99198 | Crypt:3  | Identified the amulet "Qewysior" {Faith Int+2} (You took it off a skeletal warrior on level 3 of the Crypt)
 99400 | Crypt:3  | Identified Borgnjor's Collected Works on Unholy Rituals (You found it on level 3 of the Crypt)
100307 | Zig:1    | Entered Level 1 of a ziggurat
100328 | Zig:2    | Entered Level 2 of a ziggurat
100356 | Zig:3    | Entered Level 3 of a ziggurat
100389 | Zig:4    | Entered Level 4 of a ziggurat
100443 | Zig:5    | Entered Level 5 of a ziggurat
100504 | Zig:5    | Identified the Reference Book on Feathery Transformation (You found it on level 5 of a ziggurat)
100627 | Zig:6    | Entered Level 6 of a ziggurat
100634 | Zig:6    | Reached skill level 15 in Ice Magic
100769 | Zig:7    | Entered Level 7 of a ziggurat
100775 | Zig:7    | Noticed an ancient lich
100778 | Zig:7    | Killed an ancient lich
100924 | Zig:8    | Entered Level 8 of a ziggurat
101080 | Zig:9    | Entered Level 9 of a ziggurat
101185 | Zig:10   | Entered Level 10 of a ziggurat
101197 | Zig:10   | Noticed Eczucs the pandemonium lord
101200 | Zig:10   | Killed Eczucs the pandemonium lord
101201 | Zig:10   | Reached skill level 16 in Ice Magic
101241 | Zig:10   | Got a scorched steel ring
101245 | Zig:10   | Identified the cursed ring "Ewaf" {EV-3 Str+4 Dex+4} (You found it on level 10 of a ziggurat)
101276 | Zig:10   | Got an encrusted buckler
101292 | Zig:10   | Identified the +1 buckler of Refuge {rN+ Str+5 Slay-2} (You found it on level 10 of a ziggurat)
101341 | Zig:11   | Entered Level 11 of a ziggurat
101355 | Zig:11   | Reached skill level 26 in Conjurations
101439 | Zig:11   | Got a scorched tin ring
101441 | Zig:11   | Identified the Grimoire of the Barber Surgeon (You found it on level 11 of a ziggurat)
101443 | Zig:11   | Got a fine glass ring
101456 | Zig:11   | Identified the ring of Suicidal Tendencies {+/*Tele +Blink rC+++ MR-} (You found it on level 11 of a ziggurat)
101458 | Zig:11   | Identified the ring "Hoet Vuy" {+Fly rF+ Slay+6} (You found it on level 11 of a ziggurat)
101526 | Zig:12   | Entered Level 12 of a ziggurat
101679 | Zig:13   | Entered Level 13 of a ziggurat
101753 | Zig:13   | Reached skill level 9 in Fighting
101815 | Zig:14   | Entered Level 14 of a ziggurat
101826 | Zig:14   | Noticed an ancient lich
101830 | Zig:14   | Noticed an ancient lich
101831 | Zig:14   | Killed an ancient lich
101831 | Zig:14   | Reached skill level 17 in Ice Magic
101834 | Zig:14   | Killed an ancient lich
101919 | Zig:14   | Identified Sif Muna's Grimoire of Companions (You found it on level 14 of a ziggurat)
102125 | Zig:15   | Entered Level 15 of a ziggurat
102148 | Zig:15   | Noticed Gamyam the pandemonium lord
102148 | Zig:15   | Killed Gamyam the pandemonium lord
102148 | Zig:15   | Reached skill level 18 in Ice Magic
102220 | Zig:15   | Got a crude graven amulet
102224 | Zig:15   | Identified the Collected Works on Sinister Snow (You found it on level 15 of a ziggurat)
102244 | Zig:15   | Identified the amulet of Taisaf {Inacc MR+} (You found it on level 15 of a ziggurat)
102338 | Zig:16   | Entered Level 16 of a ziggurat
102353 | Zig:16   | Noticed an ancient lich
102357 | Zig:16   | Reached skill level 27 in Conjurations
102358 | Zig:16   | Killed an ancient lich
102359 | Zig:16   | Noticed an ancient lich
102361 | Zig:16   | Reached skill level 19 in Ice Magic
102363 | Zig:16   | Killed an ancient lich
102548 | Zig:17   | Entered Level 17 of a ziggurat
102565 | Zig:17   | Noticed a pearl dragon
102565 | Zig:17   | Killed a pearl dragon
102570 | Zig:17   | Noticed a pearl dragon
102570 | Zig:17   | Noticed a pearl dragon
102572 | Zig:17   | Killed a pearl dragon
102573 | Zig:17   | Killed a pearl dragon
102575 | Zig:17   | Reached skill level 20 in Ice Magic
102580 | Zig:17   | Noticed a pearl dragon
102588 | Zig:17   | Killed a pearl dragon
102596 | Zig:17   | Killed a pearl dragon
102646 | Zig:17   | Got a translucent lead ring
102648 | Zig:17   | Identified the ring "Rauceugg" {rF- rC+++ MR- Str+5 Slay+3} (You found it on level 17 of a ziggurat)
102722 | Zig:18   | Entered Level 18 of a ziggurat
102760 | Zig:18   | Reached skill level 21 in Ice Magic
102783 | Zig:18   | Gained mutation: Your body sometimes deteriorates upon taking damage. [mutagenic glow]
103469 | Zot:1    | Entered Level 1 of the Realm of Zot
103670 | Zot:2    | Noticed an orb of fire
103674 | Zot:2    | Killed an orb of fire
103686 | Zot:2    | Reached skill level 21 in Fire Magic
104499 | Zot:2    | Reached skill level 22 in Fire Magic
105463 | Zot:4    | Reached skill level 23 in Fire Magic
105688 | Zot:5    | Entered Level 5 of the Realm of Zot
106577 | Zot:5    | Noticed an orb of fire
106582 | Zot:5    | Killed an orb of fire
106582 | Zot:5    | Reached skill level 24 in Fire Magic
106583 | Zot:5    | Noticed an ancient lich
106587 | Zot:5    | Killed an ancient lich
106770 | Zot:5    | Noticed an orb of fire
106770 | Zot:5    | Noticed an ancient lich
106772 | Zot:5    | Gained mutation: Your body often deteriorates upon taking damage. [an orb of fire]
106774 | Zot:5    | Killed an ancient lich
106775 | Zot:5    | Killed an orb of fire
106898 | Zot:5    | Noticed an orb of fire
106914 | Zot:5    | Killed an orb of fire
107133 | Zot:5    | Reached skill level 25 in Fire Magic
107336 | Zot:5    | Noticed an ancient lich
107339 | Zot:5    | Killed an ancient lich
107616 | Zot:5    | Got the Orb of Zot
108126 | D:10     | Reached skill level 26 in Fire Magic
108266 | D:3      | Killed a phantom
108363 | D:$      | Escaped with the Orb!

Action                   |  1- 3 |  4- 6 |  7- 9 | 10-12 | 13-15 | 16-18 | 19-21 | 22-24 | 25-27 || total
-------------------------+-------+-------+-------+-------+-------+-------+-------+-------+-------++-------
Melee: Club              |    42 |       |       |       |       |       |       |       |       ||    42
       Mace              |     4 |     9 |       |       |       |       |       |       |       ||    13
       Whip              |       |    70 |   166 |    33 |       |       |       |       |       ||   269
       Trident           |       |       |       |   201 |   276 |   108 |       |       |       ||   585
       Staff             |       |       |       |       |       |    36 |    62 |    50 |     4 ||   152
 Cast: Sting             |    51 |    93 |   239 |   311 |    51 |       |       |       |       ||   745
       Mephitic Cloud    |       |     6 |    47 |    77 |    37 |     3 |       |     7 |       ||   177
       Cure Poison       |       |     1 |     2 |     8 |     2 |     7 |     1 |     3 |     2 ||    26
       Iron Shot         |       |       |       |   102 |   377 |   191 |    20 |   140 |    68 ||   898
       Fireball          |       |       |       |       |   179 |   464 |   552 |   256 |   110 ||  1561
       Bolt of Magma     |       |       |       |       |    37 |    50 |   178 |   194 |    53 ||   512
       Repel Missiles    |       |       |       |       |       |     3 |     4 |     1 |       ||     8
       Apportation       |       |       |       |       |       |     1 |       |       |       ||     1
       Fire Storm        |       |       |       |       |       |       |       |    83 |   566 ||   649
       Deflect Missiles  |       |       |       |       |       |       |       |     1 |       ||     1
       Haste             |       |       |       |       |       |       |       |       |    30 ||    30
       Glaciate          |       |       |       |       |       |       |       |       |    42 ||    42
Evoke: Wand              |       |       |       |       |       |     2 |     1 |     5 |     7 ||    15
  Use: Scroll            |     2 |     5 |     8 |    14 |    14 |    28 |     4 |     7 |    40 ||   122
       Potion            |       |     5 |     3 |     2 |     1 |     1 |       |     1 |    23 ||    36
 Stab: Sleeping          |     3 |     2 |     6 |     2 |     2 |     3 |       |       |       ||    18
       Confused          |       |     1 |       |     5 |     4 |       |       |       |       ||    10
       Distracted        |       |       |       |       |     2 |     1 |       |     2 |       ||     5
  Eat: Chunk             |     3 |     8 |    25 |    74 |   119 |    50 |    22 |    28 |    15 ||   344
       Pizza             |       |       |     1 |     1 |       |     1 |       |     1 |     2 ||     6
       Beef jerky        |       |       |     1 |       |       |     3 |     1 |     1 |     2 ||     8
       Bread ration      |       |       |       |       |       |     3 |     1 |     5 |     5 ||    14
       Fruit             |       |       |       |       |       |     1 |     6 |       |       ||     7
       Meat ration       |       |       |       |       |       |     1 |     2 |     7 |     8 ||    18
       Royal jelly       |       |       |       |       |       |       |     1 |     1 |     1 ||     3

Vault maps used:
D:1:      minmay_arrival_four_loops, minivault_5
D:2:      first_bread, ecumenical_altar_2, evilmike_ruin_ashenzari, uniq_iyjb
D:3:      kennysheep_big_flooded_room
D:4:      cheibriados_altar_1, trog_book, uniq_duvessa, uniq_natasha
D:5:      basic_altar, uniq_menkaure
D:6:      kennysheep_ying_yang, kennysheep_vampire_church, portal_sewer_entry_b,
          nicolae_ossuary_entry_plus
D:7:      temple_green, uniq_pikel
D:8:      nicolae_ru_path_of_blood, david_lair_generic
D:9:      grunt_temple_overflow_order_and_chaos_2, kennysheep_okawaru_gauntlet,
          minitemple, old_standard_altar, basic_altar, serial_shops, shop
D:11:     the_bakery
D:12:     erik_orc_1, enter_trove_3
D:13:     david_vaults_5
D:14:     kennysheep_scales, serial_glass, glass_columns_a, glass_columns_a,
          glass_columns_b, glass_columns_a, due_unseen_surprise, uniq_agnes
D:15:     hangedman_depths_entry_civil_slaughter, nicolae_twisting_strands,
          uniq_nessos
Temple:   hc_temple_tempest_star_small
Lair:1:   beast_lair_carwin_large_2, kennysheep_snail_temple,
          infiniplex_staircase_pool, uniq_gastronok
Lair:2:   grunt_megastairs_4
Lair:3:   nicolae_spider_entry_orb_guardian
Lair:4:   swamp_mist_pool
Lair:5:   uniq_josephine
Lair:7:   lemuel_centaur_altar
Lair:8:   grunt_lair_end_beastmaster, slime_altar_2, uniq_kirke
Swamp:1:  serial_swamp_ruin, evilmike_swamp_ruin_wall,
          evilmike_swamp_ruin_house_2, evilmike_swamp_ruin_house_3
Swamp:2:  nicolae_swamp_fairy_circle
Swamp:3:  hangedman_swamp_ruin_wall, swamp_pool4, uniq_nikola, uniq_jorgrun,
          uniq_donald
Swamp:4:  swamp
Spider:1: uniq_roxanne
Spider:2: uniq_arachne
Spider:4: spider_rune_water, portal_ice_cave_entry_frozen_things
Orc:1:    serial_shops, nicolae_shop_overgrown_old_shop
Orc:2:    basic_altar, uniq_fannar
Orc:3:    orc_temple, serial_shops, shop, nicolae_orc_pool_cavern, mines2_lemuel
Orc:4:    grunt_orc_gardens, grunt_orc_garden, grunt_orc_garden,
          grunt_orc_garden, grunt_orc_garden, nicolae_orc_flooded_monolith,
          abandoned_shop, guppyfry_orc_lava_fort
Elf:1:    eino_elf_arrival_sip, serial_shops,
          nicolae_shop_competitors_out_of_business, hangedman_elf_disciples
Elf:2:    serial_shops, nicolae_shop_overgrown_old_shop
Elf:3:    grunt_elf_hall_asides, serial_shops, shop
Vaults:1: hangedman_vaults_impose, nicolae_vaults_shelves_hall,
          ontoclasm_vaults_misaligned, nicolae_vaults_asterisk, v_misc_24,
          hangedman_vaults_cutoff, hangedman_vaults_nails,
          nicolae_vaults_little_squares_2, hangedman_vaults_cutoff,
          dpeg_vaults_monster_box, ontoclasm_vaults_chip,
          nicolae_vaults_little_squares_1, serial_shops, shop_coins
Vaults:2: hangedman_vaults_cutoff, nicolae_vaults_yaktaur_gun_rack,
          nicolae_vaults_shelves_hall, nicolae_vaults_little_squares_2,
          hangedman_vaults_slice, nicolae_vaults_three_branches,
          grunt_vaults_hallway_long, nicolae_vaults_sealed_display,
          nicolae_vaults_mini_display_case, vaults_room_door_ring,
          nicolae_vaults_quartermaster, ontoclasm_vaults_loading_screen,
          v_misc_24
Vaults:3: nicolae_vaults_angled_halls, minmay_crypt_entry_skeletal_spiral,
          nicolae_vaults_big_angled_halls, nicolae_vaults_what_the_h,
          hangedman_vaults_stream, ontoclasm_vaults_ligature, vaults_dpeg_cross,
          nicolae_vaults_stairing_the_circle, vaults_standard_mumra_x,
          v_misc_12, v_alt_pattern_6, grunt_vaults_hallway_long, v_misc_16,
          vaults_room_stairs_pillars
Vaults:4: v_alt_pattern_2, hangedman_vaults_maws, nicolae_vaults_angled_halls,
          nicolae_vaults_little_squares_1, v_misc_9,
          ontoclasm_vaults_ring_small, v_misc_9, v_rooms_3,
          ontoclasm_vaults_decontamination, grunt_vaults_funnel,
          nicolae_vaults_circle_grid_a, st_lattice
Vaults:5: serial_shops
Crypt:1:  grunt_crypt_arrival_webbed
Crypt:3:  david_glass_crypt, infiniplex_enter_wizlab_water
Depths:1: hell_entry, tgw_xom, hangedman_decor_cross_pass, serial_bayou_shore_b,
          uniq_mara
Depths:2: grunt_deathspiral_small, enter_ziggurat_e, pan_entry, hell_entry,
          nicolae_wwwww, due_unseen_surprise
Depths:3: nicolae_whirlpool, serial_sigils_hangedman_carve, hell_entry,
          rand_demon_pan_entry_4, kennysheep_flooded_box,
          minmay_staircase_bubble
Depths:4: minmay_central_circle, abyss_entry, hangedman_coc_ice_floe,
          corexii_corridor_pit, infiniplex_staircase_trident,
          serial_bayou_shore_b
Depths:5: evilmike_zot_entry_round, pan_entry, abyss_entry_flame_altar,
          hell_entry, nicolae_two_hexagons, serial_bayou_shore_b
Zot:2:    lemuel_acid_trip, hangedman_zot_wheel_spokes
Zot:3:    hangedman_orp_of_zott, lemuel_lake_of_fire
Zot:5:    nicolae_lava_and_water, nicolae_zot_crop_circle
Zig:8:    ziggurat_loot_1
Zig:9:    ziggurat_pillar_centre_dead_trees
Zig:11:   ziggurat_loot_1
Zig:13:   ziggurat_pillar_centre_c
Zig:16:   ziggurat_pillar_centre_oklobs
Trove:    trove_weapons_four_rooms
IceCv:    ice_cave_caverns_02
WizLab:   wizlab_demon

Table legend:
 A = Turns spent in this place as a percentage of turns spent in the entire game.
 B = Non-inter-level travel turns spent in this place as a percentage of non-inter-level travel turns spent in the entire game.
 C = Inter-level travel turns spent in this place as a percentage of turns spent in this place.
 D = Turns resting spent in this place as a percentage of non-inter-level travel turns spent in this place.
 E = Turns spent auto-exploring this place as a percentage of non-inter-level travel turns spent in this place.
 F = Non-inter-level travel turns spent in this place divided by the number of levels of this place that you've seen.
                   A       B       C       D       E      F
               +-------+-------+-------+-------+-------+----------------------
         Total | 100.0 | 100.0 |   0.8 |   4.0 |   3.6 | 421.2
       Dungeon |  27.2 |  27.1 |   1.0 |   3.8 |   3.5 | 639.3
        Temple |   0.1 |   0.0 |  11.1 |   0.0 |  68.8 |  16.0
          Lair |  11.9 |  11.8 |   1.3 |   5.2 |   4.3 | 523.9
         Swamp |   6.0 |   6.0 |   0.7 |   6.9 |   3.7 | 531.8
   Spider Nest |   2.8 |   2.8 |   0.8 |   1.6 |   6.1 | 249.5
    Slime Pits |   2.6 |   2.6 |   0.9 |   1.3 |   0.0 | 153.7
  Orcish Mines |   5.4 |   5.4 |   1.0 |   5.0 |   6.6 | 480.5
   Elven Halls |   4.5 |   4.5 |   0.6 |   3.8 |   5.1 | 535.7
        Vaults |  11.3 |  11.3 |   0.3 |   5.3 |   5.3 | 799.8
         Crypt |   3.0 |   3.0 |   0.7 |   2.6 |   6.4 | 355.7
        Depths |   8.9 |   8.8 |   1.0 |   4.0 |   4.1 | 625.4
           Zot |   7.2 |   7.3 |   0.1 |   3.3 |   0.0 | 516.4
      Ziggurat |   5.6 |   5.7 |   0.0 |   1.6 |   0.0 | 111.9
         Trove |   0.3 |   0.3 |   0.0 |   0.0 |   0.0 | 119.0
      Ice Cave |   1.5 |   1.5 |   0.0 |   1.9 |   0.0 | 539.0
        Wizlab |   1.6 |   1.6 |   0.0 |   2.1 |   0.9 | 561.0
               +-------+-------+-------+-------+-------+----------------------

Table legend:
 A = Kills in this place as a percentage of kills in entire the game.
 B = Kills by you in this place as a percentage of kills by you in the entire game.
 C = Kills by friends in this place as a percentage of kills by friends in the entire game.
 D = Other kills in this place as a percentage of other kills in the entire game.
 E = Experience gained in this place as a percentage of experience gained in the entire game.
 F = Experience gained in this place divided by the number of levels of this place that you have seen.
                   A       B       C       D       E      F
               +-------+-------+-------+-------+-------+----------------------
         Total | 100.0 | 100.0 | 100.0 | 100.0 | 100.0 | 24270.0
       Dungeon |  16.0 |  16.3 |   3.6 |  25.0 |   3.9 | 5350.8
          Lair |   9.1 |   9.2 |   0.0 |  19.6 |   3.9 | 10021.2
         Swamp |   5.7 |   6.0 |   0.0 |   0.0 |   5.1 | 25942.2
   Spider Nest |   5.4 |   5.4 |   9.1 |   0.0 |   3.8 | 19522.0
    Slime Pits |   4.5 |   4.0 |  18.2 |   7.1 |   3.8 | 12742.3
  Orcish Mines |   8.4 |   8.8 |   0.0 |   0.0 |   1.2 | 6265.0
   Elven Halls |   3.5 |   3.6 |   0.0 |   1.8 |   4.0 | 27304.7
        Vaults |  17.3 |  17.5 |   8.2 |  21.4 |  19.8 | 80624.2
         Crypt |   3.8 |   3.4 |  18.2 |   0.0 |   4.9 | 33191.0
        Depths |   8.9 |   8.8 |   5.5 |  23.2 |  14.8 | 60224.0
           Zot |   5.1 |   4.5 |  24.5 |   0.0 |  15.3 | 62343.6
      Ziggurat |  10.2 |  10.4 |   8.2 |   1.8 |  18.1 | 20534.4
      Ice Cave |   1.5 |   1.5 |   3.6 |   0.0 |   0.5 | 10211.0
        Wizlab |   0.6 |   0.6 |   0.9 |   0.0 |   0.9 | 17603.0
               +-------+-------+-------+-------+-------+----------------------
